 Dungeon Crawl Stone Soup version 0.19.1-1-g22dce08 (webtiles) character file.

2452 galech the Grappler (level 9, 0/89 HPs)
             Began as a Troll Monk on Dec 29, 2016.
             Was a Priest of Makhleb.
             Succumbed to a killer bee's poison
             ... on level 6 of the Dungeon.
             The game lasted 00:13:56 (5160 turns).

galech the Grappler (Troll Monk)                    Turns: 5160, Time: 00:13:56

Health: 0/89       AC:  5    Str: 24    XL:     9   Next: 25%
Magic:  8/8        EV: 13    Int:  6    God:    Makhleb [***...]
Gold:   342        SH:  0    Dex: 12    Spells: 0 memorised, 8 levels left

rFire  + . .     SeeInvis .       - Unarmed
rCold  . . .     Gourm    +     D - +0 robe {rF+}
rNeg   . . .     Faith    .     (no shield)
rPois  .         Spirit   .     (helmet restricted)
rElec  .         Reflect  .     (no cloak)
rCorr  .         Harm     +     (gloves unavailable)
MR     .....                    (boots unavailable)
Stlth  ++........               k - amulet of harm
                                (no ring)
                                (no ring)

@: lethally poisoned (0 -> -3)
A: unfitting armour, claws 3, fast metabolism 3, gourmand, regeneration 1,
shaggy fur 1, tough skin 2
a: Minor Destruction, Lesser Servant of Makhleb, Renounce Religion


You were on level 6 of the Dungeon.
You worshipped Makhleb.
Makhleb was most pleased with you.
You were completely stuffed.

You visited 2 branches of the dungeon, and saw 8 of its levels.
You also visited: Ossuary.

You collected 342 gold pieces.

Inventory:

Armour
 s - a +0 robe of positive energy
 D - a +0 robe of fire resistance (worn)
Jewellery
 k - an amulet of harm (around neck)
 G - an uncursed amulet of magic regeneration {unknown}
 I - an uncursed amulet of regeneration {unknown}
Wands
 f - a wand of polymorph (17/24)
Scrolls
 a - 2 scrolls of amnesia
 c - 2 scrolls of immolation {unknown}
 d - 3 scrolls of enchant weapon {unknown}
 e - 3 scrolls of remove curse {unknown}
 g - 3 scrolls of teleportation {unknown}
 h - 3 scrolls of blinking {unknown}
 i - 3 scrolls of enchant armour {unknown}
 n - 3 scrolls of recharging {unknown}
 w - 2 scrolls of random uselessness
 y - 3 scrolls of fear
 B - a scroll of torment
 H - a scroll of identify
Potions
 j - a potion of cure mutation
 l - a potion of degeneration {unknown}
 o - 3 potions of heal wounds {unknown}
 p - a potion of flight {unknown}
 q - a potion of lignification {unknown}
 u - 2 potions of agility {unknown}
 v - 3 potions of haste {unknown}
 x - a potion of brilliance {unknown}
 z - 3 potions of ambrosia {unknown}
 A - a potion of resistance {unknown}
 C - 2 potions of beneficial mutation {unknown}
 F - a potion of curing {unknown}
 J - a potion of might {unknown}
Comestibles
 b - 5 bread rations
 m - 4 meat rations
 r - 7 fruits
 t - 2 beef jerkies
 E - 2 chunks of flesh
 K - a slice of pizza


   Skills:
 + Level 6.2 Fighting
 + Level 6.4 Dodging
 - Level 1.4 Stealth
 + Level 8.1 Unarmed Combat


You had 8 spell levels left.
You didn't know any spells.

Dungeon Overview and Level Annotations

Branches:
Dungeon (7/15)             Temple (1/1) D:5

Altars:
Ashenzari
Cheibriados
Dithmenos
Elyvilon
Fedhas
Gozag
Hepliaklqana
Kikubaaqudgha
Makhleb
Nemelex Xobeh
Okawaru
Qazlal
Ru
Trog
Uskayaw
Vehumet
Xom
Yredelemnul
Zin
The Shining One


Innate Abilities, Weirdness & Mutations

You are too large for most types of armour.
You have claws for hands.
Your metabolism is lightning-fast.
You like to eat raw meat.
Your natural rate of healing is unusually fast.
You are covered in fur. (AC +1)
You have very tough skin. (AC +2)


Message History

You are too injured to fight recklessly!
You are too injured to fight recklessly!
You are too injured to fight recklessly!
You are too injured to fight recklessly!
You are too injured to fight recklessly!
You are too injured to fight recklessly!
You are too injured to fight recklessly!
You are too injured to fight recklessly!
You are too injured to fight recklessly!
You are too injured to fight recklessly!
You are too injured to fight recklessly!
You are too injured to fight recklessly!
You are too injured to fight recklessly!
You miss the killer bee. Your claw misses the killer bee.
You feel sick. The killer bee stings you!
* * * LOW HITPOINT WARNING * * *
The killer bee stings you.
* * * LOW HITPOINT WARNING * * *
You barely miss the killer bee.
You die...

#.## #.# #.# #..##
#.# #.##
###...###.## #.##
#..........# #...
#..........####.<#
#......###.......#
#.#...###.........
#.##.## #..#####.#
#@##.# #..# #.#
#y##.# #..#####.#
#.##.# #........#
#.##.# ##.#####.#
#.##.## #.# #.#
#.#...## #.# #.#
#...#..###.# #.#
#..###.....# #..
##..#..##### #.#


You could see a killer bee.

Vanquished Creatures
  Eustachio (D:6)
  Edmund (D:4)
  An orc warrior (D:6)
  An ice beast (D:5)
  A sky beast (D:6)
  2 ogres
  2 centaurs
  2 elf zombies (Ossuary)
  2 bullfrogs
  2 scorpions (D:5)
  2 howler monkeys
  A centaur zombie (Ossuary)
  A bullfrog zombie (D:5)
  A crimson imp (D:5)
  2 human zombies (Ossuary)
  2 hounds
  2 jellies (D:6)
  3 orc priests
  3 bullfrog skeletons
  3 orc wizards
  Ijyb (D:3)
  2 iguanas
  2 worker ants (D:4)
  Natasha (thrice) (D:2)
  2 hell rats (D:6)
  A big kobold zombie (Ossuary)
  2 mummies (Ossuary)
  3 gnolls (D:5)
  4 adders
  6 river rats (D:6)
  2 shadow imps (D:5)
  An ooze (D:2)
  2 adder skeletons
  3 adder zombies
  A worm (D:2)
  5 dart slugs
  6 leopard geckos
  19 orcs
  16 bats
  5 giant cockroaches
  5 goblins
  6 hobgoblins
  9 jackals
  7 kobolds
  4 quokkas
  A ball python (D:1)
  6 frilled lizards
  A goblin zombie (Ossuary)
  8 hobgoblin zombies (Ossuary)
  A jackal zombie (D:5)
  9 kobold zombies (Ossuary)
  A leopard gecko skeleton (D:6)
  9 orc zombies (Ossuary)
  A quokka zombie (D:6)
  33 rats
  A rat zombie (Ossuary)
223 creatures vanquished.

Notes
Turn   | Place    | Note
-------+----------+-------------------------------------------
     0 | D:1      | galech the Troll Monk began the quest for the Orb.
     0 | D:1      | Reached XP level 1. HP: 22/22 MP: 0/0
   279 | D:1      | Reached XP level 2. HP: 29/29 MP: 1/1
   965 | D:2      | Reached XP level 3. HP: 34/36 MP: 2/2
  1243 | D:2      | Noticed Natasha
  1249 | D:2      | Killed Natasha
  1249 | D:2      | Reached skill level 4 in Unarmed Combat
  1249 | D:2      | Reached XP level 4. HP: 34/44 MP: 3/3
  1459 | D:2      | Noticed Natasha
  1464 | D:2      | Killed Natasha
  1621 | D:2      | Noticed Natasha
  1627 | D:2      | Killed Natasha
  1627 | D:2      | Reached XP level 5. HP: 47/52 MP: 4/4
  1880 | D:3      | Reached skill level 5 in Unarmed Combat
  2103 | D:3      | Noticed Ijyb
  2120 | D:3      | Killed Ijyb
  2120 | D:3      | Reached XP level 6. HP: 57/61 MP: 5/5
  2639 | D:4      | Found a glowing silver altar of Zin.
  2640 | D:4      | Found a radiant altar of Vehumet.
  2701 | D:4      | Noticed Edmund
  2711 | D:4      | Killed Edmund
  2711 | D:4      | Reached XP level 7. HP: 31/68 MP: 6/6
  2825 | D:5      | Entered Level 5 of the Dungeon
  2908 | D:5      | Reached skill level 6 in Unarmed Combat
  3107 | D:5      | Found a sand-covered staircase.
  3113 | Ossuary  | Entered an ossuary
  3261 | Ossuary  | Reached XP level 8. HP: 48/79 MP: 7/7
  3294 | Ossuary  | Reached skill level 5 in Dodging
  3461 | D:5      | Reached skill level 5 in Fighting
  3465 | D:5      | Found a staircase to the Ecumenical Temple.
  3488 | Temple   | Entered the Ecumenical Temple
  3656 | Temple   | Became a worshipper of Makhleb the Destroyer
  3656 | Temple   | Reached * piety under Makhleb
  3656 | Temple   | Reached ** piety under Makhleb
  3827 | D:5      | Reached skill level 7 in Unarmed Combat
  4729 | D:6      | Noticed Eustachio
  4748 | D:6      | Killed Eustachio
  4748 | D:6      | Reached XP level 9. HP: 77/89 MP: 8/8
  4865 | D:6      | Reached *** piety under Makhleb
  4866 | D:6      | Reached skill level 8 in Unarmed Combat
  5159 | D:6      | HP: 4/89 [killer bee (10)]
  5159 | D:6      | HP: 1/89 [killer bee (3)]
  5160 | D:6      | Succumbed to a killer bee's poison

Skill      XL: |  1  2  3  4  5  6  7  8  9 |
---------------+----------------------------+-----
Unarmed Combat | 4 5 6 7 8 |  8.1
Dodging        | 3 4 6 |  6.4
Fighting       | 3 4 5 6 |  6.2
Stealth        | |  1.4

Action                   |  1- 3 |  4- 6 |  7- 9 || total
-------------------------+-------+-------+-------++-------
Melee: Unarmed           |    92 |   149 |   319 ||   560
       Punch             |     1 |     4 |    12 ||    17
  Use: Scroll            |       |       |     5 ||     5
 Stab: Sleeping          |     2 |     1 |     6 ||     9
  Eat: Chunk             |    13 |    17 |    23 ||    53
Armor: Robe              |    24 |    66 |    57 ||   147
Dodge: Dodged            |    49 |    93 |   156 ||   298
